AoeStats
← TM Caesar

Golden Pit

507114749Analyzed
1v1 RM · 17d ago on Sep 16, 2026· 20m 40s· 2 players
Game mode
Random Map
Map size
Tiny (2 player)
Population
200
Speed
Normal
Resources
Standard
Victory
Conquest
Starting age
Dark Age
Ending age
Imperial Age
RankedLock teamsTeams togetherTeam positionsShared explorationLock speedFull tech treeHidden civsTurbo modeCheats
Victory
Defeat
🇧🇷 Maya · Brazil
1782
+15
🇦🇷 Sicilians · Argentina
1768
-15
TM Caesar
5:59 Loom
9:18 Feudal Age
9:58 Double-Bit Axe
9:53 Horse Collar
15:25 Fletching
16:35 Scale Mail Armor
21:27 Castle Age
20:30 Scale Barding Armor
20:55 Bloodlines
SSx_SnowwW
0:27 Loom
10:24 Feudal Age
15:43 Castle Age
14:09 Double-Bit Axe
14:35 Horse Collar
18:58 Fletching
20:56 Padded Archer Armor
Connection lost

Rejoining the realm…

Still unreachable

The connection could not be restored.

Session expired

The server has moved on; the page needs a fresh start.